 Dungeon Crawl Stone Soup version 0.31.0-9-g3a7656b989 (webtiles) character file.

Game seed: 14018997089783568782

11 qw the Shooter (level 2, -2/14 HPs)
             Began as a Spriggan Hunter on Feb 2, 2024.
             Slain by a kobold
             ... wielding a +0 whip
              (3 damage)
             ... on level 1 of the Dungeon.
             The game lasted 00:00:00 (438 turns).

qw the Shooter (Spriggan Hunter)                     Turns: 438, Time: 00:00:01

Health: -2/14      AC:  2    Str:  7    XL:     2   Next: 13%
Magic:  3/3        EV: 16    Int: 10    God:
Gold:   45         SH:  0    Dex: 18    Spells: 1/1 levels left

rFire   . . .        a - +0 shortbow
rCold   . . .        (shield currently unavailable)
rNeg    . . .        c - +0 robe
rPois   .            (helmet restricted)
rElec   .            (no cloak)
rCorr   .            (gloves unavailable)
SInv    +            (boots unavailable)
Will    .....        (no amulet)
Stlth   ++           (no ring)
HPRegen 0.22/turn    (no ring)
MPRegen 0.08/turn

%: no passive effects
@: constricted, very quick
A: very small, no large weapons, unfitting armour, see invisible, speed 3
a: no special abilities


You were on level 1 of the Dungeon.
You visited 1 branch of the dungeon, and saw 1 of its levels.

You collected 45 gold pieces.


Innate Abilities, Weirdness & Mutations

You are very small and have problems with some larger weapons.
You are too small for most types of armour.
You have supernaturally acute eyesight. (SInv)
You cover ground extremely quickly. (Speed+++)


   Skills:
 - Level 1.5 Fighting
 - Level 4.0 Ranged Weapons
 + Level 3.9 Dodging
 - Level 1.5 Stealth


You had one spell level left.
You didn't know any spells.
Your spell library was empty.

Inventory:

Hand Weapons
 a - a +0 shortbow (weapon)
Armour
 c - a +0 robe (worn)
Scrolls
 b - a scroll of butterflies
 d - 2 scrolls of noise {unknown}
 e - a scroll of identify {unknown}

Dungeon Overview and Level Annotations

Branches:
Dungeon (1/15)

Altars:


Message History

The arrow hits the endoplasm.
You kill the endoplasm!
You have reached level 2!
You shoot an arrow. The arrow barely misses the goblin.
The arrow hits the kobold.
The kobold is severely wounded.
You hear an angry hiss.
An endoplasm comes into view.
A ball python comes into view.
You shoot an arrow. The endoplasm quivers.
The arrow hits the goblin.
The goblin is moderately wounded.
You shoot an arrow.
The arrow hits the goblin but does no damage.
The goblin is moderately wounded.
The goblin hits you with a +0 club. x2
You shoot an arrow. The arrow hits the goblin.
You kill the goblin!
You shoot an arrow. The arrow hits the ball python.
The ball python is severely wounded.
The ball python misses you. The ball python barely misses you.
The ball python bites you. The ball python grabs you.
The ball python constricts you.
You shoot an arrow.
The arrow barely misses the ball python.
The arrow hits the endoplasm!
You kill the endoplasm!
The ball python bites you. x2; The ball python constricts you.
The ball python misses you.
You shoot an arrow.
The arrow completely misses the ball python.
The arrow hits the endoplasm.
The endoplasm is moderately wounded.
The ball python misses you. The ball python constricts you.
The ball python barely misses you.
You shoot an arrow.
The arrow closely misses the ball python.
The ball python closely misses you. The ball python constricts you.
The kobold hits you with a +0 whip.
You die...

.# #.......##.##. .#
..###.......##.... #.#
#...#############. (..
#.#.# #. ..? #.#.## #.
#.##....############.
#...................
.####.S#.#.#############
......S@.#.#
#.#.#.K###.# ..... #.#
####.. ..# ### ###


You could see 2 ball pythons and a kobold.

Vanquished Creatures
  5 endoplasms (D:1)
  A giant cockroach (D:1)
  A hobgoblin (D:1)
  A ball python (D:1)
  A goblin (D:1)
9 creatures vanquished.

Notes
Turn   | Place    | Note
-------+----------+-------------------------------------------
     0 | D:1      | qw the Spriggan Hunter began the quest for the Orb.
     0 | D:1      | Reached XP level 1. HP: 10/10 MP: 2/2
     0 | D:1      | 0 ||| qw: Version: 0.3-a-155-g5e7d8dd
     0 | D:1      | 0 ||| qw: Game counter: 636
     0 | D:1      | 0 ||| qw: Melee chars always use a shield: true
     0 | D:1      | 0 ||| qw: God list: Okawaru
     0 | D:1      | 0 ||| qw: Allow faded altars: false
     0 | D:1      | 0 ||| qw: Do Orc after clearing Dungeon:15 true
     0 | D:1      | 0 ||| qw: Do second Lair branch before Depths: true
     0 | D:1      | 0 ||| qw: Lair rune preference: random
     0 | D:1      | 0 ||| qw: Goals: Normal
     0 | D:1      | 0 ||| PLANNING D:1-11
    92 | D:1      | Reached skill level 3 in Dodging
   285 | D:1      | Found a faded altar of an unknown god.
   431 | D:1      | Reached XP level 2. HP: 14/14 MP: 3/3
   436 | D:1      | HP: 3/14 [ball python (2)]
   438 | D:1      | HP: 1/14 [constriction (1)]
   438 | D:1      | Slain by a kobold

Levels and vault maps discovered:
D:1:      evilmike_arrival_crescent, layout_loops_cross, serial_rivers,
          chequers_serial_rivers_room_b, chequers_serial_rivers_marsh,
          chequers_serial_rivers_room_b, chequers_serial_rivers_marsh,
          chequers_serial_rivers_marsh, chequers_serial_rivers_room_a,
          shapermc_ecumenical_altar_mp_vishouse, minmay_hexomino_c4

Skill      XL: |  1 |
---------------+----+-----
Dodging        | 3 |  3.9
Fighting       | |  1.5
Ranged Weapons | |  4.0
Stealth        | |  1.5

Action                     || total
---------------------------++-------
   Fire: Shortbow          ||    26
 Armour: Robe              ||     6
  Dodge: Dodged            ||     7

Table legend:
 A = Non-vault XP
 B = Vault XP
 C = Vault XP percentage of total XP
 D = Non-vault monster count
 E = Vault monster count
 F = Vault count percentage of total count
                 A         B        C        D         E       F
            +---------+---------+-------+---------+---------+-------
      Total |       9 |       7 |  43.8 |       5 |       4 |  44.4
            +---------+---------+-------+---------+---------+-------
        D:1 |       9 |       7 |  43.8 |       5 |       4 |  44.4
            +---------+---------+-------+---------+---------+-------
